 Dungeon Crawl Stone Soup version 0.26-a0-606-g3c8f2f6 (webtiles) character file.

Game seed: 14580304699472370302

5457 B1Gdaddy5 the Covert (level 11, -10/66 HPs)
             Began as a Kobold Delver on Aug 31, 2020.
             Was a Priest of Elyvilon.
             Mangled by a five-headed hydra (12 damage)
             ... on level 1 of the Lair of Beasts.
             The game lasted 01:37:03 (9999 turns).

B1Gdaddy5 the Covert (Kobold Delver)                Turns: 9999, Time: 01:37:04

Health: -10/66     AC:  9    Str: 15    XL:     11   Next: 0%
Magic:  11/11      EV: 21    Int: 12    God:    Elyvilon [***...]
Gold:   704        SH:  0    Dex: 20    Spells: 10/10 levels left

rFire    . . .     SeeInvis .   Q - +2 scimitar (flame)
rCold    . . .     Faith    .   (shield restricted)
rNeg     . . .     Spirit   .   J - +2 robe {MR+}
rPois    .         Reflect  .   x - +1 helmet
rElec    .         Harm     .   D - +0 cloak
rCorr    .                      (no gloves)
MR       +....                  I - +1 pair of boots
Stlth    ++++++++..             k - amulet of the acrobat
HPRegen  0.21/turn              a - ring of stealth
MPRegen  0.12/turn              q - +6 ring of strength

@: about to teleport
A: small, nightstalker 3
a: Lesser Healing, Heal Other, Purification, Divine Protection, Renounce
Religion


You were on level 1 of the Lair of Beasts.
You worshipped Elyvilon.
Elyvilon was most pleased with you.
You visited 3 branches of the dungeon, and saw 10 of its levels.
You also visited: Sewer.

You collected 704 gold pieces.

Inventory:

Hand Weapons
 i - a +2 vorpal spear
 l - a +1 short sword of venom
 o - a +7 short sword of protection
 r - a +2 whip of flaming
 z - a +3 hunting sling
 B - a +0 short sword of draining
 H - a +2 hand axe of flaming
 M - a +4 dagger of freezing
 P - a +0 long sword of draining
 Q - a +2 scimitar of flaming (weapon)
Missiles
 e - 106 sling bullets
 w - 3 datura-tipped darts (quivered)
Armour
 b - a +0 leather armour
 m - a +0 leather armour
 u - a +0 helmet
 x - a +1 helmet (worn)
 D - a +0 cloak (worn)
 I - a +1 pair of boots (worn)
 J - a +2 robe of magic resistance (worn)
 R - a +0 robe of magic resistance
Magical Staves
 O - an uncursed staff of conjuration {unknown}
Jewellery
 a - a ring of stealth (left hand)
 k - an amulet of the acrobat (around neck)
 q - a +6 ring of strength (right hand)
 y - an uncursed ring of resist corrosion
Wands
 g - a wand of digging (2)
 K - a wand of iceblast (6)
Scrolls
 c - 2 scrolls of fog
 n - 3 scrolls of magic mapping
 p - 2 scrolls of fear
 s - 2 scrolls of amnesia
 L - 3 scrolls of noise
 N - a scroll of remove curse
Potions
 h - 2 potions of cancellation
 j - 2 potions of mutation
 t - a potion of magic
 v - 8 potions of curing
 C - 3 potions of flight
 E - a potion of lignification
 F - a potion of might
 G - a potion of brilliance {unknown}


   Skills:
 + Level 6.6 Fighting
 + Level 11.6 Short Blades
 + Level 3.1 Armour
 + Level 7.9 Dodging
 + Level 13.7 Stealth
 + Level 1.1 Invocations


You had 10 spell levels left.
You didn't know any spells.
Your spell library contained the following spells:

 Spells                   Type           Power        Failure   Level
 Ice Form                 Ice/Tmut       #.......     97%         4
 Metabolic Englaciation   Hex/Ice        #.........   100%        5
 Freezing Cloud           Conj/Ice/Air   #.........   100%        6
 Ozocubu's Refrigeration  Ice            #.........   100%        6
 Simulacrum               Ice/Necr       #.........   100%        6


Dungeon Overview and Level Annotations

Branches:
Dungeon (8/15)             Temple (1/1) D:4            Lair (1/6) D:8
  Sewer (visited)

Altars:
Ashenzari
Cheibriados
Dithmenos
Elyvilon
Fedhas
Gozag
Hepliaklqana
Kikubaaqudgha
Makhleb
Okawaru
Qazlal
Ru
Sif Muna
Trog
Uskayaw
Vehumet
Wu Jian
Xom
Yredelemnul
Zin
The Shining One


Innate Abilities, Weirdness & Mutations

You are small and have problems with some larger weapons.
You are completely attuned to the shadows.


Message History

You see here a blink frog corpse.
The six-headed hydra bites you.
* * * LOW HITPOINT WARNING * * *
The six-headed hydra completely misses you. x2
The six-headed hydra misses you. x2
The six-headed hydra bites you but does no damage.
Press: ? - help, v - describe, . - travel, g - get item
Here: a six-headed hydra (heavily wounded) Item here: a blink frog corpse.
The floor, spattered with blood.
Your +7 short sword of protection goes still.
Your +2 scimitar of flaming bursts into flame!
Q - a +2 scimitar of flaming (weapon)
Okay, then.
You lop one of the six-headed hydra's heads off!
The flame cauterises the wound!
You slash the five-headed hydra! You burn the five-headed hydra.
The five-headed hydra is severely wounded.
The five-headed hydra bites you!
You die...

.... ...
....##...
.......#
#.......#.
...###.....
..#.#..########..
...YH...D††......
#....####@#.#.#..
.#....# #######
......# ..##.##
.....##
..P.#.......####
........P##....#
......... ##...#
.......# #...##


You could see a five-headed hydra.

Vanquished Creatures
  Erica (D:8)
  Pikel (D:7)
  A komodo dragon (D:8)
  6 blink frogs (Lair:1)
  2 basilisks
  A steam dragon (D:8)
  Menkaure (D:6)
  A phantom (D:7)
  2 sky beasts
  2 ogres
  A centaur (D:6)
  3 crocodiles (D:8)
  5 big kobolds (Sewer)
  3 bullfrogs
  A scorpion (D:7)
  5 wights (D:7)
  A bullfrog zombie (D:7)
  A hound (D:6)
  2 quasits
  A jelly (D:7)
  A gnoll shaman (D:4)
  4 orc priests
  Natasha (twice) (D:4)
  2 iguanas
  3 orc wizards
  4 worker ants
  3 gnolls (D:4)
  A worker ant zombie (D:7)
  13 adders
  2 white imps (D:6)
  An ufetubus (D:7)
  2 oozes (Sewer)
  An adder zombie (D:6)
  2 adder skeletons
  2 worms
  4 dart slugs
  3 leopard geckos
  29 orcs
  9 giant cockroaches
  11 goblins
  8 hobgoblins
  7 jackals
  6 quokkas
  6 ball pythons
  5 bats
  6 frilled lizards
  17 kobolds
  A leopard gecko zombie (D:7)
  A quokka zombie (D:5)
  9 rats
206 creatures vanquished.

Vanquished Creatures (others)
  2 fungi (Lair:1)
2 creatures vanquished.

Grand Total: 208 creatures vanquished

Notes
Turn   | Place    | Note
-------+----------+-------------------------------------------
     0 | D:5      | B1Gdaddy5 the Kobold Delver began the quest for the Orb.
     0 | D:5      | Reached XP level 1. HP: 14/14 MP: 1/1
    73 | D:4      | Noticed a worker ant
   372 | D:1      | Reached skill level 7 in Stealth
   372 | D:1      | Reached XP level 2. HP: 19/19 MP: 2/2
   774 | D:1      | Reached XP level 3. HP: 19/23 MP: 3/3
  1465 | D:2      | Found a white marble altar of Elyvilon.
  1474 | D:2      | Became a worshipper of Elyvilon the Healer
  1538 | D:2      | Reached XP level 4. HP: 26/28 MP: 4/4
  1935 | D:2      | You fall into a shaft and drop 2 floors!
  2089 | D:2      | Reached skill level 1 in Armour
  2364 | D:3      | Reached * piety under Elyvilon
  2451 | D:3      | Reached XP level 5. HP: 25/33 MP: 5/5
  2885 | D:3      | Reached skill level 8 in Stealth
  3334 | D:4      | Found a staircase to the Ecumenical Temple.
  3342 | D:4      | Noticed an ogre
  3344 | Temple   | Entered the Ecumenical Temple
  3791 | D:4      | Killed an ogre
  3791 | D:4      | Reached XP level 6. HP: 38/38 MP: 4/6
  3884 | D:4      | Reached skill level 5 in Short Blades
  3938 | D:4      | Noticed Natasha
  3943 | D:4      | Killed Natasha
  4119 | D:4      | Noticed Natasha
  4130 | D:4      | Killed Natasha
  4324 | D:4      | Reached XP level 7. HP: 32/43 MP: 7/7
  4953 | D:5      | Reached ** piety under Elyvilon
  5061 | D:5      | Reached skill level 9 in Stealth
  5701 | D:6      | Found a glowing drain.
  5726 | Sewer    | Entered a sewer
  5750 | Sewer    | Reached XP level 8. HP: 48/48 MP: 8/8
  6153 | D:6      | Reached skill level 10 in Stealth
  6378 | D:6      | Noticed Menkaure
  6384 | D:6      | Killed Menkaure
  6386 | D:6      | Reached *** piety under Elyvilon
  6902 | D:6      | Reached XP level 9. HP: 46/53 MP: 9/9
  6935 | D:6      | Reached skill level 5 in Fighting
  7359 | D:7      | Noticed Pikel
  7411 | D:7      | Reached skill level 5 in Dodging
  7485 | D:7      | Killed Pikel
  7485 | D:7      | Reached skill level 11 in Stealth
  7761 | D:7      | Reached skill level 10 in Short Blades
  8749 | D:8      | Reached **** piety under Elyvilon
  8789 | D:8      | Reached XP level 10. HP: 58/60 MP: 10/10
  8802 | D:8      | Reached skill level 12 in Stealth
  8810 | D:8      | Noticed a komodo dragon
  8814 | D:8      | Killed a komodo dragon
  8904 | D:8      | Found a staircase to the Lair.
  9313 | D:8      | Noticed Erica
  9335 | D:8      | Killed Erica
  9335 | D:8      | Reached skill level 13 in Stealth
  9693 | Lair:1   | Entered Level 1 of the Lair of Beasts
  9900 | Lair:1   | Noticed a black mamba
  9941 | Lair:1   | Reached skill level 1 in Invocations
  9948 | Lair:1   | Reached XP level 11. HP: 35/66 MP: 9/11
  9976 | Lair:1   | Noticed a six-headed hydra
  9995 | Lair:1   | HP: 3/66 [six-headed hydra (2)]
  9999 | Lair:1   | Mangled by a five-headed hydra

Illustrated notes

Levels and vault maps discovered:
D:1:      minmay_arrival_five_plusses, layout_basic
D:2:      layout_rooms, elyvilon_altar_4
D:3:      layout_basic
D:4:      layout_rooms, minmay_temple_entry_ruins, uniq_natasha
D:5:      layout_cave_pools, kennysheep_boxes
D:6:      layout_basic, portal_sewer_entry_b, uniq_menkaure
D:7:      layout_gridville, serial_bayou_pond_e, minmay_misc_feat_cross,
          minmay_stone_trees_small, uniq_pikel
D:8:      layout_loops_ring, erik_lair_dragon, uniq_erica
Temple:   nicolae_temple_the_god_donut
Lair:1:   layout_misc_corridors

Skill      XL: |  1  2  3  4  5  6  7  8  9 10 |
---------------+-------------------------------+-----
Stealth        | 7 8 9 10 11 13 | 13.7
Short Blades   | 3 4 5 6 8 10 11 | 11.6
Armour         | 1 2 3 |  3.1
Dodging        | 3 4 6 7 |  7.9
Fighting       | 4 5 6 |  6.6
Invocations    | 1 |  1.1

Action                   |  1- 3 |  4- 6 |  7- 9 | 10-12 || total
-------------------------+-------+-------+-------+-------++-------
Melee: Short sword       |    88 |   169 |   489 |   154 ||   900
       Scimitar          |       |       |       |     1 ||     1
Invok: Lesser Healing    |       |     2 |     1 |     1 ||     4
       Greater Healing   |       |       |       |     2 ||     2
Evoke: Wand              |     1 |       |       |       ||     1
  Use: Scroll            |     4 |     4 |    10 |     5 ||    23
       Potion            |       |     3 |     6 |     6 ||    15
 Stab: Sleeping          |    12 |    11 |    40 |     3 ||    66
       Distracted        |       |       |       |     1 ||     1
Armor: Leather armour    |    14 |    43 |    77 |       ||   134
       Robe              |       |       |    17 |    25 ||    42
Dodge: Dodged            |    49 |   135 |   372 |   113 ||   669

Table legend: (Time is in decaauts)
 A = Elapsed time spent in this place.
 B = Non-inter-level travel time spent in this place.
 C = Inter-level travel time spent in this place.
 D = Time resting spent in this place.
 E = Time spent auto-exploring this place.
 F = Levels seen in this place.
 G = Mean time per level.
                   A        B        C        D        E       F      G
               +--------+--------+--------+--------+--------+-----+--------+
         Total |   9732 |   9561 |    171 |   1705 |   4270 |  11 |  884.7 |
       Dungeon |   8694 |   8523 |    171 |   1690 |   3812 |   8 | 1086.8 |
        Temple |    436 |    436 |      0 |      0 |    237 |   1 |  436.0 |
          Lair |    243 |    243 |      0 |     15 |    107 |   1 |  243.0 |
         Sewer |    357 |    357 |      0 |      0 |    114 |   1 |  357.0 |
               +--------+--------+--------+--------+--------+-----+--------+

Top non-repeatable levels by time:
     D:6: 1410 daAuts
     D:8: 1265 daAuts
     D:1: 1221 daAuts
     D:7: 1194 daAuts
     D:3: 1125 daAuts
     D:4: 900 daAuts
     D:5: 826 daAuts
     D:2: 749 daAuts
  Temple: 436 daAuts
   Sewer: 357 daAuts
  Lair:1: 243 daAuts
